 Dungeon Crawl Stone Soup version 0.30.1-11-g7821555f0a (webtiles) character file.

Game seed: 475208680660757236

419 Cheops the Conjurer (level 6, -2/36 HPs)
             Began as an Octopode Hedge Wizard on Dec 3, 2023.
             Was an Initiate of Vehumet.
             Killed by divine providence
             ... invoked by an orc priest
              (14 damage)
             ... on level 4 of the Dungeon.
             The game lasted 00:11:23 (5997 turns).

Cheops the Conjurer (Octopode Hedge Wizard)         Turns: 5997, Time: 00:11:23

Health: -2/36      AC:  1    Str: 10    XL:     6   Next: 93%
Magic:  9/10       EV: 13    Int: 18    God:    Vehumet [......]
Gold:   210        SH:  0    Dex: 11    Spells: 5/11 levels left

rFire   . . .        a - +0 dagger
rCold   . . .        (no shield)
rNeg    . . .        b - +0 hat
rPois   .            h - amulet of magic regeneration
rElec   .            (no ring)
rCorr   .            (no ring)
SInv    .            (no ring)
Will    .....        (no ring)
Stlth   +++          (no ring)
HPRegen 0.26/turn    (no ring)
MPRegen 0.52/turn    (no ring)
                     (no ring)

%: no passive effects
@: no status effects
A: almost no armour, amphibious, 8 rings, camouflage 1, gelatinous body 1,
(nimble swimmer 1), tentacles
a: Renounce Religion


You were on level 4 of the Dungeon.
You worshipped Vehumet.
Vehumet was noncommittal.
You visited 2 branches of the dungeon, and saw 6 of its levels.

You collected 210 gold pieces.

Inventory:

Hand Weapons
 a - a +0 dagger (weapon)
Armour
 b - a +0 hat (worn)
Jewellery
 h - an amulet of magic regeneration (around mantle)
Scrolls
 d - 7 scrolls of teleportation {unknown}
 e - 8 scrolls of identify {unknown}
 g - a scroll of fog {unknown}
 i - 2 scrolls of vulnerability {unknown}
 l - a scroll of blinking {unknown}
 m - a scroll of noise {unknown}
Potions
 c - a potion of magic
 f - 2 potions of resistance {unknown}
 j - a potion of berserk rage {unknown}
 k - a potion of might {unknown}
 n - a potion of invisibility {unknown}


   Skills:
 - Level 2.0 Dodging
 + Level 3.2 Stealth
 - Level 3.0 Spellcasting
 - Level 6.2 Conjurations
 - Level 1.0 Summonings
 - Level 1.0 Translocations
 * Level 1.4 Air Magic
 * Level 1.9 Poison Magic


You had 5 spell levels left.
You knew the following spells:

 Your Spells              Type           Power      Damage    Failure   Level
a - Magic Dart            Conj           100%       1d8       1%          1
i - Call Imp              Summ           12%        N/A       16%         2
m - Mephitic Cloud        Conj/Pois/Air  14%        N/A       13%         3

Your spell library contained the following spells:

 Spells                   Type           Power      Damage    Failure   Level
 Foxfire                  Conj/Fire      56%        2x1d6     4%          1
 Apportation              Tloc           12%        N/A       11%         1
 Summon Small Mammal      Summ           24%        N/A       11%         1
 Hailstorm                Conj/Ice       14%        3d5       14%         3
 Stone Arrow              Conj/Erth      28%        3d8       14%         3
 Freeze                   Ice            8%         1d3       16%         1
 Necrotise                Necr           8%         1d4       16%         1
 Sandblast                Erth           4%         2d4       16%         1
 Slow                     Hex            8%         N/A       16%         1
 Blink                    Tloc           12%        N/A       16%         2
 Cigotuvi's Dreadful Rot  Necr/Pois/Air  12%        N/A       16%         2
 Ensorcelled Hibernation  Hex/Ice        4%         N/A       24%         2
 Passwall                 Tmut/Erth      1%         N/A       24%         2
 Sublimation of Blood     Necr           2%         N/A       24%         2
 Wereblood                Tmut           2%         N/A       24%         2
 Spider Form              Tmut/Pois      6%         N/A       32%         3
 Frozen Ramparts          Ice            4%         1d1       43%         3
 Fireball                 Conj/Fire      7%         3d5       77%         5
 Anguish                  Hex/Necr       1%         N/A       85%         4
 Plasma Beam              Fire/Air       2%         2x1d14    100%        6
 Starburst                Conj/Fire      7%         6d4       100%        6
 Summon Hydra             Summ           3%         N/A       100%        7


Dungeon Overview and Level Annotations

Branches:
Dungeon (5/15)             Temple (1/1) D:4

Altars:
Ashenzari
Cheibriados
Dithmenos
Elyvilon
Fedhas
Gozag
Hepliaklqana
Kikubaaqudgha
Makhleb
Nemelex Xobeh
Okawaru
Qazlal
Ru
Sif Muna
Uskayaw
Vehumet
Wu Jian
Xom
Yredelemnul
Zin
The Shining One

Shops:
D:1 (


Innate Abilities, Weirdness & Mutations

You cannot wear most types of armour.
You are amphibious.
You can wear up to eight rings at the same time.
Your skin changes colour to match your surroundings (Stealth+).
Your rubbery body absorbs attacks. (AC +1, EV +1)
((You are camouflaged when in or above water. (Stealth+)))
You have tentacles for arms and can constrict up to eight enemies at once.


Message History

You kill the orc wizard!
Vehumet accepts your kill.
Casting: Magic Dart (safe; 1% risk of failure)
Confirm with . or Enter, or press ? or * to list all spells.
Aiming: Magic Dart (safe; 1% risk of failure)
Press: ? - help, Shift-Dir - straight line, f - orc priest
Aim: an orc priest, wielding a +0 short sword (100% to hit)
The magic dart hits the orc priest!
The orc priest is heavily wounded.
The orc priest mumbles some strange prayers to Beogh against you.
Pain shoots through your body!
The orc priest invokes the aid of Beogh against you.
Beogh smites you!
* * * LOW HITPOINT WARNING * * *
The orc priest attacks as you move away!
The orc priest hits you with a +0 club.
* * * LOW HITPOINT WARNING * * *
There is a stone staircase leading up here.
The orc priest completely misses you.
You climb upwards.
There is a stone staircase leading down here.
Casting: Magic Dart (safe; 1% risk of failure)
Confirm with . or Enter, or press ? or * to list all spells.
Aiming: Magic Dart (safe; 1% risk of failure)
Press: ? - help, Shift-Dir - straight line, f - orc priest
Aim: an orc priest, wielding a +0 short sword (heavily wounded, 100% to hit)
The magic dart hits the orc priest but does no damage.
The orc priest is heavily wounded.
The orc priest hits you with a +0 short sword.
* * * LOW HITPOINT WARNING * * *
Casting: Magic Dart (safe; 1% risk of failure)
Confirm with . or Enter, or press ? or * to list all spells.
Aiming: Magic Dart (safe; 1% risk of failure)
Press: ? - help, Shift-Dir - straight line, f/p - orc priest
Aim: an orc priest, wielding a +0 short sword (heavily wounded, 100% to hit)
The magic dart hits the orc priest but does no damage.
The orc priest is heavily wounded.
The orc priest invokes the aid of Beogh against you.
Beogh smites you!
You die...

#........##.# ###.#......
#........##.#####.#.###.)
#..............##.#.###..
#........##.......#......
#.....##.##.##.##.#..##..
#.....##.##.##.##.#..####
########.##.##.#.........
#.##.##.##.#......
#######@o...........<...
#.......................
#.......................
#..........#####.#..###.
#..........# #........
#..........# #.##.###.
#..........#####.##.###.
#.......................
########.........######.


You could see an orc priest.

Vanquished Creatures
  Sigmund (D:2)
  A hound (D:3)
  Jessica (D:2)
  An iguana (D:4)
  An orc wizard (D:5)
  6 adders
  3 gnolls (D:2)
  2 worms (D:2)
  A dart slug (D:3)
  2 orcs
  3 ball pythons
  13 endoplasms
  2 giant cockroaches
  6 goblins
  7 hobgoblins
  5 kobolds
  A quokka (D:2)
  4 bats
  5 frilled lizards
  8 rats
73 creatures vanquished.

Notes
Turn   | Place    | Note
-------+----------+-------------------------------------------
     0 | D:1      | Cheops the Octopode Hedge Wizard began the quest for the
                  | Orb.
     0 | D:1      | Reached XP level 1. HP: 11/11 MP: 4/4
   340 | D:1      | Reached skill level 2 in Conjurations
   340 | D:1      | Reached XP level 2. HP: 16/17 MP: 0/6
   466 | D:1      | Found Ywnit's Weapon Shoppe.
   801 | D:1      | Reached XP level 3. HP: 21/21 MP: 7/7
  1059 | D:1      | Found Ywnit's Weapon Shoppe.
  1539 | D:2      | Reached skill level 3 in Conjurations
  1643 | D:2      | Reached XP level 4. HP: 15/27 MP: 5/8
  1731 | D:2      | Noticed Sigmund
  1743 | D:2      | Killed Sigmund
  1744 | D:2      | Reached skill level 5 in Conjurations
  1744 | D:2      | Reached XP level 5. HP: 6/31 MP: 2/9
  1952 | D:2      | Reached XP level 6. HP: 36/36 MP: 8/10
  2256 | D:2      | Noticed Jessica
  2263 | D:2      | Killed Jessica
  2264 | D:2      | Reached skill level 6 in Conjurations
  3100 | D:3      | Learned a level 3 spell: Mephitic Cloud
  3338 | D:1      | Found Ywnit's Weapon Shoppe.
  4873 | D:4      | Found a staircase to the Ecumenical Temple.
  4891 | Temple   | Entered the Ecumenical Temple
  5289 | Temple   | Became a worshipper of Vehumet
  5344 | D:4      | Reached skill level 1 in Poison Magic
  5398 | D:4      | Reached skill level 1 in Air Magic
  5505 | D:4      | Learned a level 2 spell: Call Imp
  5956 | D:5      | Entered Level 5 of the Dungeon
  5997 | D:4      | Killed from afar by an orc priest

Illustrated notes

Levels and vault maps discovered:
D:1:      matt_arrival_spirals, layout_basic, serial_shops, shop
D:2:      cheibrodos_helix_gallery, layout_loops_ring, uniq_jessica,
          uniq_sigmund
D:3:      layout_loops_ring, minmay_fractal_squares_diagonal_5
D:4:      layout_basic, minmay_temple_entry_offerings
D:5:      layout_gridville, item_on_display_a
Temple:   nicolae_temple_the_god_donut

Skill      XL: |  1  2  3  4  5  6 |
---------------+-------------------+-----
Conjurations   | 2 3 5 6 |  6.2
Stealth        | 3 |  3.2
Poison Magic   | 1 |  1.9
Air Magic      | 1 |  1.4
Dodging        | |  2.0
Spellcasting   | |  3.0
Summonings     | |  1.0
Translocations | |  1.0

Action                     |  1- 3 |  4- 6 || total
---------------------------+-------+-------++-------
  Melee: Dagger            |    29 |       ||    29
         Tentacles         |     7 |       ||     7
         Constrict         |     7 |       ||     7
   Cast: Magic Dart        |    48 |   126 ||   174
   Stab: Sleeping          |     5 |       ||     5
 Armour: Skin              |     2 |     1 ||     3
  Dodge: Dodged            |    16 |     6 ||    22
